 Dungeon Crawl Stone Soup version 0.30.0-3-ga4e48a9924 (webtiles) character file.

Game seed: 3434141575162633843

110294 Demosthentine the Impaler (level 16, 0/120 HPs)
             Began as a Demonspawn Gladiator on May 6, 2023.
             Was the Champion of Hepliaklqana.
             Slain by a radroach (3 damage)
             ... on level 1 of the Spider Nest on May 7, 2023.
             The game lasted 00:33:02 (19073 turns).

Demosthentine the Impaler (Demonspawn Gladiator)   Turns: 19073, Time: 00:33:03

Health: 0/120      AC:  7    Str: 16    XL:     16   Next: 6%
Magic:  28/28      EV: 22    Int:  8    God:    Hepliaklqana [******]
Gold:   1585       SH:  0    Dex: 21    Spells: 15/15 levels left

rFire   + + .        r - +10 trident "Killer Bee's Bane" {freeze, Contam rPois rF++}
rCold   . . .        (no shield)
rNeg    . . .        N - +0 troll leather armour
rPois   +            (helmet unavailable)
rElec   .            (cloak unavailable)
rCorr   +            (gloves unavailable)
SInv    +            l - +1 pair of boots
Will    +++..        H - amulet of regeneration
Stlth   ++           t - ring of Doubts {Will+ rCorr Int-2 Slay+4}
HPRegen 2.00/turn    i - ring of willpower
MPRegen 0.21/turn

%: no passive effects
@: no status effects
A: reduced essence, antennae 3, powered by death 2, weakness stinger 3, demonic
touch 3
a: Renounce Religion, Recall Ancestor, Ancestor Identity, Transference, Idealise


You were on level 1 of the Spider Nest.
You worshipped Hepliaklqana.
Hepliaklqana was exalted by your worship.
You visited 5 branches of the dungeon, and saw 24 of its levels.
You also visited: Sewer.

You collected 2478 gold pieces.
You spent 893 gold pieces at shops.

Inventory:

Hand Weapons
 r - the +10 trident "Killer Bee's Bane" (weapon) {freeze, Contam rPois rF++}
   (You found it on level 6 of the Dungeon)

   rF:        It greatly protects you from fire.
   rPois:     It protects you from poison.
   Contam:    It causes magical contamination when unequipped.
Missiles
 d - 3 throwing nets (quivered)
 e - 10 javelins
 f - 8 boomerangs
 h - 6 silver javelins
 m - 59 poisoned darts
 C - 10 curare-tipped darts
Armour
 c - the +1 buckler of Parlour Games {+Blink}
   (You acquired it on level 1 of the Lair of Beasts)

   +Blink:    It lets you blink.
 l - a +1 pair of boots (worn)
 y - a +2 leather armour of willpower
 N - a +0 troll leather armour (worn)
Jewellery
 i - a ring of willpower (right hand)
 n - the amulet of Ycvekawo {Spirit Fly rN+ Int-2}
   (You bought it in a shop on level 2 of the Orcish Mines)

   [amulet of guardian spirit]

   It causes incoming damage to be divided between your reserves of health and
   magic.
   Int:       It affects your intelligence (-2).
   rN:        It protects you from negative energy.
   Fly:       It grants you flight.
 t - the ring of Doubts (left hand) {Will+ rCorr Int-2 Slay+4}
   (You acquired it on level 8 of the Dungeon)

   [ring of willpower]

   Int:       It affects your intelligence (-2).
   Slay:      It affects your accuracy & damage with ranged weapons and melee
   (+4).
   rCorr:     It protects you from acid and corrosion.
   Will:      It increases your willpower.
 F - a ring of positive energy
 H - an amulet of regeneration (around neck)
 Q - a ring of resist corrosion
Wands
 b - a wand of light (7)
 q - a wand of digging (6)
 s - a wand of paralysis (19)
 x - a wand of mindburst (7)
 B - a wand of flame (21)
 I - a wand of roots (12)
Scrolls
 a - a scroll of fog
 j - 5 scrolls of teleportation
 k - a scroll of fear
 p - a scroll of identify
 L - 2 scrolls of magic mapping
 R - 5 scrolls of poison
 S - 2 scrolls of silence
Potions
 g - 2 potions of flight
 o - 9 potions of curing
 u - 3 potions of might
 v - 5 potions of cancellation
 w - a potion of invisibility
 z - 3 potions of heal wounds
 J - 3 potions of berserk rage
 M - 2 potions of haste


   Skills:
 + Level 14.8 Fighting
 + Level 16.4 Polearms
 - Level 1.7 Throwing
 - Level 6.6 Armour
 + Level 13.9 Dodging
 + Level 3.2 Shields
 - Level 16.2 Invocations
 + Level 1.1 Evocations


You had 15 spell levels left.
You didn't know any spells.
Your spell library contained the following spells:

 Spells                   Type           Power      Damage    Failure   Level
 Apportation              Tloc           0%         N/A       45%         1
 Foxfire                  Conj/Fire      0%         2x1d4     45%         1
 Magic Dart               Conj           0%         1d3       45%         1
 Shock                    Conj/Air       0%         1d3       45%         1
 Blink                    Tloc           0%         N/A       61%         2
 Call Imp                 Summ           0%         N/A       61%         2
 Lesser Beckoning         Tloc           0%         N/A       61%         2
 Momentum Strike          Conj/Tloc      0%         3d8       61%         2
 Searing Ray              Conj           0%         2d4       61%         2
 Gell's Gravitas          Tloc           0%         N/A       83%         3
 Hailstorm                Conj/Ice       0%         3d3       83%         3
 Mephitic Cloud           Conj/Pois/Air  0%         N/A       83%         3
 Spider Form              Tmut/Pois      0%         N/A       83%         3
 Swiftness                Air            0%         N/A       83%         3
 Teleport Other           Tloc           0%         N/A       83%         3
 Airstrike                Air            0%         2d(0-16)  99%         4
 Fulminant Prism          Conj/Hex       0%         3d5       99%         4
 Ice Form                 Ice/Tmut       0%         N/A       99%         4
 Alistair's Intoxication  Tmut/Pois      0%         N/A       100%        5
 Fireball                 Conj/Fire      0%         3d3       100%        5
 Dispersal                Tloc           0%         N/A       100%        6
 Plasma Beam              Fire/Air       0%         2x1d11    100%        6
 Simulacrum               Ice/Necr       0%         N/A       100%        6
 Starburst                Conj/Fire      0%         6d3       100%        6
 Ignition                 Fire           0%         3d3       100%        8


Dungeon Overview and Level Annotations

Branches:
Dungeon (15/15)            Temple (1/1) D:6            Lair (5/5) D:9
  Swamp (0/4) Lair:2       Spider (1/4) Lair:2        Slime (0/5) Lair:5
    Orc (2/2) D:9             Elf (0/3) Orc:2        Vaults (0/5) D:13
 Depths (0/4) D:15          Sewer (visited)

Altars:
Ashenzari
Cheibriados
Dithmenos
Fedhas
Gozag
Hepliaklqana
Kikubaaqudgha
Makhleb
Nemelex Xobeh
Okawaru
Qazlal
Ru
Sif Muna
Trog
Uskayaw
Vehumet
Wu Jian
Xom
Yredelemnul
Jiyva

Shops:
D:6 *[!*(   D:11 (   Orc:2 ?==:

Annotations:
D:10 exclusion: 2 oklob saplings
Spider:1 Azrael


Innate Abilities, Weirdness & Mutations

Your life essence is reduced to manifest your ancestor. (-10% HP)
You have a pair of large antennae on your head. (SInv)
You regenerate health from kills.
You have a sharp stinger which inflicts weakening toxins.
Your touch may irresistibly damage your foes and sap their willpower.


Message History

Tawil hits the radroach with a +0 dagger of draining.
Tawil drains the radroach.
Okay, then.
As you read the scroll of fear, it crumbles to dust.
You assume a fearsome visage.
Azrael easily resists.
The hell hound looks frightened!
The demonic crawler looks frightened!
The radroach looks frightened!
The jumping spider looks frightened! x2
The tarantella looks frightened! x2; The culicivora looks frightened!
The tarantella looks frightened!
The spark wasp resists with some effort.
The jumping spider leaps! x2; The spark wasp closely misses you.
Tawil casts a spell at the radroach.
Tawil's attack snaps the radroach out of its fear.
The radroach easily resists.
The radroach bites Tawil!
The radroach claws Tawil.
The jumping spider leaps!
The spark wasp stings you!
* * * LOW HITPOINT WARNING * * *
The spark wasp shocks you!
* * * LOW HITPOINT WARNING * * *
Unknown command.
Unknown command.
Tawil hits the radroach with a +0 dagger of draining!
Tawil drains the radroach.
The radroach erupts in a fountain of uncontrolled magic!
Tawil is blasted with magical radiation!!!
Tawil is destroyed!
Unknown command.
You puncture the spark wasp! You freeze the spark wasp.
You tail-slap the spark wasp.
The spark wasp looks weaker.
The spark wasp is moderately wounded.
The spark wasp stings you but does no damage.
Unknown command.
You puncture the radroach! You freeze the radroach.
You tail-slap the radroach, but do no damage.
The radroach is almost dead.
The spark wasp stings you!
* * * LOW HITPOINT WARNING * * *
The spark wasp shocks you!
* * * LOW HITPOINT WARNING * * *
The radroach completely misses you. The radroach claws you.
You die...

###..=.....##
###...........#
##.........^...#
#^.............# {
#....°.........##
#...............##
#...............##
#.By>...........^#
#°.#@.....(.......##.
R.{s.#.......^...†...#.
.☼.....##.............[^#
..{s.s. #..............##
....s.. #.............^#
.h...{{ #.......=.....##
...{..# #.............# #
###...^...###.###
##....^## #^.#.


You could see a radroach (weak, drained) and a spark wasp (weak).

Vanquished Creatures
  Rupert (D:13)
  Gastronok (Orc:1)
  A tengu reaver (D:14)
  A fire giant (D:14)
  2 orc warlords (Orc:1)
  The ghost of Ruicvywi the Grappler, a journeyman OgTm of Okawaru (Lair:3)
  3 dire elephants
  A fire dragon (D:15)
  Josephine (D:10)
  A great orb of eyes (D:15)
  Harold (D:10)
  2 ogre magi (Orc:2)
  4 centaur warriors
  2 catoblepae (Lair:5)
  7 hydras
  A death knight (D:13)
  5 boulder beetles
  10 two-headed ogres
  6 death yaks
  Urug (D:10)
  Sonja (D:10)
  A deep elf knight (D:14)
  A fire crab (shapeshifter) (D:14)
  A pharaoh ant (Spider:1)
  A skyshark (Lair:4)
  2 deep trolls (Orc:2)
  An orb spider (Spider:1)
  A deep elf zephyrmancer (D:14)
  2 deep elf pyromancers
  2 lindwurms (Lair:5)
  4 ugly things (D:15)
  4 orc knights
  A lindwurm (shapeshifter) (D:15)
  Pikel (D:7)
  2 wolf spiders (Spider:1)
  8 cyclopes
  2 orc sorcerers
  5 manticores
  19 elephants
  3 black mambas
  A gargoyle (D:9)
  5 cane toads
  2 torpor snails
  2 demonic crawlers (Spider:1)
  8 komodo dragons
  An unseen horror (D:11)
  A kobold demonologist (D:12)
  4 rime drakes
  3 efreet
  A meliai (shapeshifter) (D:13)
  11 trolls
  9 polar bears (Lair:5)
  3 raiju (Lair:5)
  Grinder (D:4)
  9 blink frogs (Lair:2)
  4 dream sheep (Lair:5)
  14 slime creatures
  5 wraiths
  2 jumping spiders (Spider:1)
  4 wyverns
  2 shadows
  15 humans (D:13)
  29 yaks
  4 basilisks
  A redback (Spider:1)
  5 wargs
  A steam dragon (D:8)
  21 vampire mosquitoes
  3 acid dragons
  11 water moccasins
  Duvessa (D:7)
  12 hell hounds (Lair:5)
  20 orc warriors
  An ice beast (D:6)
  15 black bears
  19 ogres
  21 wolves
  5 centaurs
  A lemure (D:7)
  4 phantoms
  4 kobold brigands
  5 gnoll sergeants
  7 bullfrogs
  8 scorpions
  Dowan (D:7)
  9 killer bees
  5 howler monkeys
  8 jellies
  12 orc priests
  4 hounds
  2 sleepcaps
  A gnoll bouda (D:6)
  4 iguanas
  11 orc wizards
  2 boggart simulacra (D:15)
  28 gnolls
  19 adders
  3 river rats
  A shadow imp (D:5)
  2 white imps
  An ufetubus (D:5)
  5 worms
  3 dart slugs
  76 orcs
  8 endoplasms
  7 giant cockroaches
  6 goblins
  12 hobgoblins
  7 jackals
  20 kobolds
  4 quokkas
  9 ball pythons
  7 bats
  8 frilled lizards
  8 rats
712 creatures vanquished.

Vanquished Creatures (collateral kills)
  Frances (D:12)
  A boulder beetle (Spider:1)
  A two-headed ogre (D:13)
  A hell knight (D:14)
  An ugly thing (D:15)
  A cyclops (D:15)
  Maurice (D:12)
  A slime creature (D:14)
  A naga mage (D:15)
  2 elephants
  2 kobold demonologists (D:12)
  A cane toad (Lair:5)
  A rime drake (Lair:4)
  A blink frog (Lair:5)
  4 dream sheep (Lair:5)
  4 yaks
  A basilisk (Lair:1)
  2 hell hounds (Lair:5)
  An orc warrior (Orc:2)
  A black bear (Lair:5)
  4 wolves (Lair:5)
  An orc priest (D:10)
  A worm (Lair:2)
  2 orcs
  A ball python (D:10)
38 creatures vanquished.

Vanquished Creatures (others)
  A dream sheep (Lair:5)
  An ancestor (D:11)
  17 hexers
  9 fungi
  26 plants
54 creatures vanquished.

Grand Total: 804 creatures vanquished

Notes
Turn   | Place    | Note
-------+----------+-------------------------------------------
     0 | D:1      | Demosthentine the Demonspawn Gladiator began the quest for
                  | the Orb.
     0 | D:1      | Reached XP level 1. HP: 16/16 MP: 1/1
   149 | D:1      | Discovered your monstrous ancestry.
   149 | D:1      | Gained mutation: Your touch may inflict minor irresistible
                  | damage on your foes. [demonic ancestry]
   149 | D:1      | Reached XP level 2. HP: 6/22 MP: 2/2
   231 | D:1      | Found a faded altar of an unknown god.
   436 | D:1      | Reached skill level 1 in Armour
   634 | D:1      | Reached XP level 3. HP: 28/28 MP: 3/3
   961 | D:2      | Gained mutation: Your touch may inflict irresistible damage
                  | on your foes. [demonic ancestry]
   961 | D:2      | Reached XP level 4. HP: 34/34 MP: 4/4
  1394 | D:2      | Identified a scroll of acquirement
  1394 | D:2      | Acquired a manual of Polearms
  1825 | D:3      | Gained mutation: You have a small tail. [demonic ancestry]
  1825 | D:3      | Reached XP level 5. HP: 21/41 MP: 5/5
  2030 | D:3      | Found a sacrificial altar of Ru.
  2328 | D:4      | Noticed Grinder
  2352 | D:4      | Killed Grinder
  2353 | D:4      | Gained mutation: You have a pair of small antennae on your
                  | head. [demonic ancestry]
  2353 | D:4      | Reached XP level 6. HP: 48/48 MP: 6/6
  2373 | D:4      | Reached skill level 5 in Polearms
  2373 | D:4      | Gained mutation: You regenerate a little health from kills.
                  | [demonic ancestry]
  2373 | D:4      | Reached XP level 7. HP: 29/54 MP: 7/7
  2671 | D:4      | Found an ornate altar of the Wu Jian Council.
  3295 | D:5      | Entered Level 5 of the Dungeon
  3514 | D:5      | Reached skill level 5 in Dodging
  3546 | D:5      | Gained mutation: You have a pair of antennae on your head.
                  | [demonic ancestry]
  3546 | D:5      | Reached XP level 8. HP: 53/61 MP: 8/8
  3597 | D:5      | Reached skill level 5 in Fighting
  4181 | D:6      | Identified the +10 trident "Killer Bee's Bane" {freeze,
                  | Contam rPois rF++}
  4247 | D:6      | Found a glowing drain.
  4251 | Sewer    | Entered a sewer
  4443 | Sewer    | Found a viscous altar of Jiyva.
  4565 | D:6      | Found a shimmering blue altar of Sif Muna.
  4609 | D:6      | Found Tyrghiaro's Antique Weapon Emporium.
  4612 | D:6      | Found Syixtaotz's Assorted Antiques.
  4615 | D:6      | Found Buten's Distillery.
  4626 | D:6      | Found Rutenoi's Armour Shop.
  4631 | D:6      | Reached skill level 5 in Armour
  4713 | D:6      | Bought a scroll labelled ZENYAL UBI for 23 gold pieces
  4713 | D:6      | Bought a brown potion for 20 gold pieces
  4714 | D:6      | Found Bestot's General Store.
  4728 | D:6      | Bought a scroll of enchant armour for 75 gold pieces
  4735 | D:6      | Bought a potion of degeneration for 12 gold pieces
  4735 | D:6      | Bought a potion of magic for 96 gold pieces
  4735 | D:6      | Bought a potion of heal wounds for 60 gold pieces
  4846 | D:6      | Found a staircase to the Ecumenical Temple.
  4863 | Temple   | Entered the Ecumenical Temple
  4919 | D:6      | Found a large runed translucent door.
  4919 | D:6      | Found a large runed translucent door.
  5111 | D:6      | Gained mutation: Your touch may irresistibly damage your
                  | foes and sap their willpower. [demonic ancestry]
  5111 | D:6      | Reached XP level 9. HP: 69/69 MP: 9/9
  5114 | D:6      | Found an iron altar of Okawaru.
  5167 | D:7      | Identified the +6 chain mail of Qonoren {rCorr Int+4}
  5256 | D:7      | Noticed Duvessa
  5257 | D:7      | Noticed Dowan
  5262 | D:7      | Killed Duvessa
  5264 | D:7      | Killed Dowan
  5457 | D:7      | Noticed Pikel
  5478 | D:7      | Killed Pikel
  5690 | D:7      | Found a stormy altar of Qazlal.
  5916 | D:8      | Found a burning altar of Makhleb.
  6457 | D:8      | Reached XP level 10. HP: 79/79 MP: 10/10
  6512 | D:8      | Found a hazy altar of Hepliaklqana.
  6577 | D:8      | Became a worshipper of Hepliaklqana the Forgotten
  6891 | D:8      | Acquired the ring of Doubts {Will+ rCorr Int-2 Slay+4}
  6978 | D:9      | Reached skill level 1 in Invocations
  7019 | D:9      | Reached skill level 10 in Polearms
  7121 | D:9      | Found a snail-covered altar of Cheibriados.
  7194 | D:9      | Found a staircase to the Orcish Mines.
  7201 | D:9      | Found a staircase to the Lair.
  7201 | D:9      | Noticed a death yak
  7202 | D:9      | Noticed a death yak
  7203 | D:9      | Noticed a death yak
  7215 | D:9      | Killed a death yak
  7227 | D:9      | Killed a death yak
  7236 | D:9      | Killed a death yak
  7397 | D:9      | Reached skill level 5 in Invocations
  7647 | D:10     | Entered Level 10 of the Dungeon
  7647 | D:10     | Reached * piety under Hepliaklqana
  7667 | D:10     | Noticed Josephine
  7667 | D:10     | Noticed a gargoyle
  7695 | D:9      | Killed a gargoyle
  7696 | D:9      | Gained mutation: You have a tail ending in a sharp stinger.
                  | [demonic ancestry]
  7696 | D:9      | Reached XP level 11. HP: 37/78 MP: 13/15
  7739 | D:10     | Killed Josephine
  7801 | D:10     | Noticed Harold
  7809 | D:10     | Killed Harold
  7993 | D:10     | Noticed Sonja
  7999 | D:10     | Killed Sonja
  8004 | D:10     | Noticed Urug
  8014 | D:10     | Killed Urug
  8034 | D:10     | Found a shadowy altar of Dithmenos.
  8191 | D:10     | Found an ancient bone altar of Kikubaaqudgha.
  8233 | D:10     | Found a basalt altar of Yredelemnul.
  8252 | D:10     | Found a sparkling altar of Nemelex Xobeh.
  8284 | D:10     | Found a bloodstained altar of Trog.
  8570 | D:11     | Noticed a boulder beetle
  8677 | D:11     | Reached ** piety under Hepliaklqana
  8678 | D:11     | Remembered your ancestor Tawil as a hexer
  9244 | D:11     | Found the +5 demon whip "Spellbinder" {antimagic, disrupt,
                  | Will+}
  9252 | D:11     | Found Cuitos's Antique Weapon Emporium.
  9252 | D:11     | Noticed a two-headed ogre
  9257 | D:11     | Killed a two-headed ogre
  9404 | D:12     | Noticed Frances
  9414 | D:12     | Killed Frances
  9415 | D:12     | Reached skill level 10 in Fighting
  9487 | D:12     | Gained mutation: You regenerate health from kills. [demonic
                  | ancestry]
  9487 | D:12     | Reached XP level 12. HP: 84/87 MP: 18/18
  9506 | D:12     | Identified the amulet of Paomeoc {Spirit rN+}
  9621 | D:12     | Found a shadowy altar of Dithmenos.
  9688 | D:12     | Noticed Maurice
  9690 | D:12     | Noticed a boulder beetle
  9703 | D:12     | Killed a boulder beetle
  9703 | D:12     | Killed Maurice
  9870 | D:12     | Reached skill level 10 in Dodging
 10149 | D:13     | Noticed Rupert
 10149 | D:13     | Noticed a centaur warrior
 10149 | D:13     | Noticed a death knight
 10149 | D:13     | Noticed a boulder beetle
 10149 | D:13     | Noticed a four-headed hydra
 10149 | D:13     | Found a gate to the Vaults.
 10183 | D:13     | Noticed a boulder beetle
 10185 | D:13     | Reached *** piety under Hepliaklqana
 10188 | D:13     | Noticed a boulder beetle
 10199 | D:13     | Killed a boulder beetle
 10206 | D:13     | Killed a boulder beetle
 10207 | D:13     | Reached skill level 10 in Invocations
 10234 | D:13     | Noticed a centaur warrior
 10241 | D:13     | Killed a centaur warrior
 10273 | D:13     | Noticed a two-headed ogre
 10284 | D:13     | Killed a two-headed ogre
 10305 | D:13     | Noticed a centaur warrior
 10315 | D:13     | Killed a centaur warrior
 10450 | D:13     | Killed a centaur warrior
 10494 | D:13     | Killed Rupert
 10495 | D:13     | Reached XP level 13. HP: 95/95 MP: 21/21
 11186 | D:14     | Found an iron altar of Okawaru.
 11430 | D:14     | Noticed a fire giant
 11445 | D:14     | Noticed a tengu reaver
 11446 | D:14     | Killed a fire giant
 11457 | D:14     | Killed a tengu reaver
 11470 | D:14     | Got the Tome of the Volatile Dose
 11753 | D:14     | Reached **** piety under Hepliaklqana
 11904 | D:14     | You fall into a shaft and drop 1 floor!
 11904 | D:15     | Entered Level 15 of the Dungeon
 12319 | D:15     | Noticed a dire elephant
 12359 | D:15     | Noticed a fire dragon
 12368 | D:15     | Killed a fire dragon
 12369 | D:15     | Gained mutation: You have a sharp stinger which inflicts
                  | weakening toxins. [demonic ancestry]
 12369 | D:15     | Reached XP level 14. HP: 81/104 MP: 23/23
 12664 | D:15     | Found a staircase to the Depths.
 13083 | Lair:1   | Entered Level 1 of the Lair of Beasts
 13083 | Lair:1   | Reached ***** piety under Hepliaklqana
 13875 | Lair:2   | Reached skill level 15 in Polearms
 13894 | Lair:2   | Found a staircase to the Swamp.
 13941 | Lair:2   | Found a hole to the Spider Nest.
 14800 | Lair:3   | Found a large runed translucent door.
 14800 | Lair:3   | Found a large runed translucent door.
 14803 | Lair:3   | Noticed Ruicvywi's ghost (journeyman OgTm)
 15063 | Lair:3   | Identified the +11 flail "Gahi" {venom, Int+5 Dex+3}
 15189 | Lair:3   | Identified the +0 plate armour "Odunev" {-Tele rF- rN+++
                  | Dex+3}
 15517 | Lair:3   | Killed Ruicvywi's ghost
 16067 | Lair:5   | Entered Level 5 of the Lair of Beasts
 16265 | Lair:5   | Gained mutation: You have a pair of large antennae on your
                  | head. (SInv) [demonic ancestry]
 16265 | Lair:5   | Reached XP level 15. HP: 112/112 MP: 26/26
 16381 | Lair:5   | Reached ****** piety under Hepliaklqana
 16406 | Lair:5   | Found a staircase to the Slime Pits.
 16406 | Lair:5   | Found a viscous altar of Jiyva.
 16617 | Lair:5   | Reached skill level 15 in Invocations
 16939 | Lair:5   | Identified the +0 mace of the Endless Expanse {drain, *Slow
                  | rElec rC+++ Dex-5}
 17150 | Lair:5   | Found the +7 sceptre of Torment {pain, torment}
 17371 | Lair:4   | Upgraded the game from 0.30.0 to 0.30.0-3-ga4e48a9924
 17451 | Lair:1   | Acquired the +1 buckler of Parlour Games {+Blink}
 17476 | Orc:1    | Entered Level 1 of the Orcish Mines
 17624 | Orc:1    | Noticed Gastronok
 17635 | Orc:1    | Killed Gastronok
 17870 | Orc:1    | Reached skill level 1 in Shields
 18147 | Orc:2    | Entered Level 2 of the Orcish Mines
 18151 | Orc:2    | Paralysed by an orc sorcerer for 3 turns
 18479 | Orc:2    | Found a staircase to the Elven Halls.
 18479 | Orc:2    | Found Qojefiy's Jewellery Boutique.
 18594 | Orc:2    | Found Lohuj's Book Boutique.
 18600 | Orc:2    | Found Kotuuwk's Magic Scroll Emporium.
 18607 | Orc:2    | Bought the amulet of Ycvekawo {Spirit Fly rN+ Int-2} for
                  | 391 gold pieces
 18614 | Orc:2    | Found Vugo Raj's Jewellery Shop.
 18618 | Orc:2    | Bought a scroll of teleportation for 48 gold pieces
 18618 | Orc:2    | Bought a scroll of teleportation for 48 gold pieces
 18618 | Orc:2    | Bought a scroll of enchant weapon for 120 gold pieces
 18857 | Spider:1 | Entered Level 1 of the Spider Nest
 18863 | Spider:1 | Reached XP level 16. HP: 120/120 MP: 28/28
 18900 | Spider:1 | Reached skill level 1 in Evocations
 19069 | Spider:1 | Noticed Azrael
 19073 | Spider:1 | HP: 3/120 [spark wasp (15)]
 19073 | Spider:1 | Slain by a radroach

Illustrated notes

Levels and vault maps discovered:
D:1:      lightli_arrival_statuegarden, layout_basic, basic_ecumenical_altar
D:2:      layout_loops_ring
D:3:      layout_rooms, nicolae_ru_sacrificial_ziggurat, nicolae_eternal_life
D:4:      layout_basic, lemuel_round_altar, minmay_small_thing, uniq_grinder
D:5:      layout_rooms, st_stairs_2, minmay_bent
D:6:      layout_cave_pools, jmf_multi_god_temple2,
          nicolae_sif_muna_condensation, minmay_temple_entry_ruins,
          gup_sewer_entry_spiral, chequers_serial_rivers_micro_a,
          nicolae_shop_national_dungeon_mall
D:7:      layout_rooms, mainiacjoe_overflow_catwalk_spiral,
          hangedman_decor_opposing, uniq_duvessa, uniq_pikel
D:8:      layout_basic, amcnicky_altar_gilded, mainiacjoe_overflow_alcove_1
D:9:      layout_loops_ring, nicolae_overflow_crystal_walls, dpeg_lair_monsters,
          minmay_misc_feat_plants, nrook_campfire
D:10:     layout_cave_pools, nicolae_overflow_quartered_altars,
          mainiacjoe_overflow_paths, introduction_to_nature_2, uniq_harold,
          uniq_sonja, uniq_urug, uniq_josephine
D:11:     layout_basic, serial_shops, shop
D:12:     layout_irregular_city, nicolae_dithmenos_the_darkroom, uniq_frances,
          uniq_maurice
D:13:     cheibrodos_elevator_heist, layout_small_grid, david_vaults_3
D:14:     minmay_sliced_demisemicircle, layout_gridville,
          hangedman_decor_slide_cut, okawaru_ov_weapons_minmay
D:15:     hangedman_depths_entry_try_elsewhere_first, layout_irregular_city,
          grunt_decor_junction, elyvilon_altar_5
Temple:   nicolae_temple_ecumenical_triangle
Lair:1:   layout_regular_city
Lair:2:   layout_gridlike, minmay_swamp_entry_swarm,
          nicolae_spider_entry_non_spiders, grunt_megastairs_2,
          serial_bayou_shore_a
Lair:3:   layout_cave_pods, ebering_ghost_disaster_area, minivault_25
Lair:4:   layout_big_grid
Lair:5:   hangedman_lair_caniforms_friends, layout_concentric_octagons,
          hangedman_lair_in_review, slime_entry_1
Spider:1: layout_cave_pods, uniq_azrael
Orc:1:    cheibrodos_orc_arena, layout_diamond_mine, serial_shops,
          uniq_gastronok
Orc:2:    st_orc_open, layout_diamond_mine

Skill      XL: |  1  2  3  4  5  6  7  8  9 10 11 12 13 14 15 16 |
---------------+-------------------------------------------------+-----
Polearms       | 3 4 5 6 7 9 11 12 14 15 16 | 16.4
Dodging        | 3 4 5 6 7 8 9 10 11 12 13 | 13.9
Armour         | 1 2 3 4 5 6 |  6.6
Fighting       | 3 4 6 7 8 10 11 12 13 14 | 14.8
Invocations    | 5 8 11 12 14 16 | 16.2
Shields        | 2 3 |  3.2
Evocations     | 1 |  1.1
Throwing       | |  1.7

Action                     |  1- 3 |  4- 6 |  7- 9 | 10-12 | 13-15 | 16-18 || total
---------------------------+-------+-------+-------+-------+-------+-------++-------
  Melee: Trident           |    89 |    95 |   324 |   417 |  1070 |    36 ||  2031
         Touch             |     6 |    16 |    50 |    59 |   176 |     5 ||   312
         Punch             |       |     1 |     5 |     1 |    17 |     1 ||    25
         Tailslap          |       |    10 |    31 |    54 |   167 |     7 ||   269
  Throw: Throwing net      |     1 |       |     1 |     8 |     1 |       ||    11
 Invoke: Ancestor Life: He |       |       |       |     1 |       |       ||     1
         Recall Ancestor   |       |       |       |     1 |     1 |       ||     2
  Evoke: Wand              |       |       |       |     2 |     1 |       ||     3
    Use: Scroll            |     3 |     7 |    10 |     8 |     9 |     1 ||    38
         Potion            |       |     1 |       |     5 |     2 |     1 ||     9
   Stab: Sleeping          |     1 |     2 |     3 |     1 |     1 |       ||     8
         Distracted        |       |       |     3 |     8 |    16 |     1 ||    28
         Held in net/web   |       |       |       |     7 |     2 |       ||     9
         Confused          |       |       |       |       |    19 |     1 ||    20
         Paralysed         |       |       |       |       |    14 |       ||    14
         Petrified         |       |       |       |       |     4 |       ||     4
 Armour: Leather armour    |    20 |    13 |    42 |    12 |       |       ||    87
         Troll leather arm |       |       |       |    15 |    86 |     3 ||   104
  Dodge: Dodged            |    37 |    52 |   131 |   135 |   414 |    32 ||   801
